 Dungeon Crawl Stone Soup version 0.20.1-1-g8b1a95d (webtiles) character file.

128285 OneorTwo the Bludgeoner (level 16, 0/158 HPs)
             Began as a Minotaur Fighter on Aug 9, 2017.
             Was a High Priest of Trog.
             Slain by a spriggan rider
             ... wielding a +0 spear
              (11 damage)
             ... on level 2 of the Swamp.
             The game lasted 01:49:30 (25489 turns).

OneorTwo the Bludgeoner (Minotaur Fighter)         Turns: 25489, Time: 01:49:35

Health: 0/158      AC: 35    Str: 30    XL:     16   Next: 48%
Magic:  20/20      EV:  8    Int:  4    God:    Trog [*****.]
Gold:   1577       SH:  5    Dex:  9    Spells: 15/15 levels left

rFire    . . .     SeeInvis .   V - +10 dark maul {crush}
rCold    . . .     Gourm    .   (shield currently unavailable)
rNeg     + . .     Faith    .   u - +0 plate armour
rPois    +         Spirit   .   n - +2 hat
rElec    +         Reflect  +   N - +2 ratskin cloak {+Rats rPois rN+ Str-1 Int-1 Dex+1}
rCorr    .         Harm     .   r - +1 pair of gloves {Str+3}
MR       ++...                  E - +0 pair of boots
Stlth    ..........             e - +5 amulet of reflection
Regen    0.4/turn               X - ring of Suspicion {MR+ Slay+3 Stlth-}
MPRegen  0.2/turn               l - +6 ring of protection

@: slowed, invisible, very slow
A: retaliatory headbutt, claws 1, horns 2, rugged brown scales 2, clumsy 1,
poison resistance, electricity resistance
a: Berserk, Trog's Hand, Brothers in Arms, Burn Spellbooks, Renounce Religion,
Evoke Ratskin


You were on level 2 of the Swamp.
You worshipped Trog.
Trog was extremely pleased with you.
You were not hungry.

You visited 4 branches of the dungeon, and saw 25 of its levels.
You also visited: Ice Cave and Volcano.

You collected 2839 gold pieces.
You spent 1262 gold pieces at shops.

Inventory:

Hand Weapons
 M - a +8 morningstar of protection
 V - the +10 dark maul (weapon) {crush}
   (You found it on level 6 of the Lair of Beasts)

   It inflicts extra damage upon your enemies.
Missiles
 c - 4 tomahawks of returning (quivered)
 B - 7 steel tomahawks
Armour
 a - a +0 large shield
 n - a +2 hat (worn)
 r - a +1 pair of gloves of strength (worn)
 u - a +0 plate armour (worn)
 E - a +0 pair of boots (worn)
 N - the +2 ratskin cloak (worn) {+Rats rPois rN+ Str-1 Int-1 Dex+1}
   (You bought it in a shop on level 9 of the Dungeon)

   It affects your strength (-1).
   It affects your intelligence (-1).
   It affects your dexterity (+1).
   It protects you from poison.
   It protects you from negative energy.
Jewellery
 e - a +5 amulet of reflection (around neck)
 l - a +6 ring of protection (right hand)
 o - an uncursed ring of resist corrosion
 I - an uncursed ring of protection from magic
 X - the ring of Suspicion (left hand) {MR+ Slay+3 Stlth-}
   (You bought it in a shop on level 2 of the Orcish Mines)

   [ring of loudness]

   It affects your accuracy and damage with ranged weapons and melee attacks
   (+3).
   It affects your resistance to hostile enchantments.
   It makes you less stealthy.
Wands
 b - a wand of scattershot (7/9)
 j - a wand of iceblast (5/15)
 v - a wand of polymorph (13/24)
 C - a wand of lightning (5/15)
 G - a wand of lightning (11/15)
 K - a wand of iceblast (13/15)
 L - a wand of confusion (31/48)
 P - a wand of digging (5/24)
 R - a wand of acid (4/15)
 U - a wand of paralysis (10/24)
 W - a wand of polymorph (7/24)
Scrolls
 h - 5 scrolls of fear
 k - 2 scrolls of magic mapping
 x - 2 scrolls of remove curse
 y - 2 scrolls of enchant armour
 A - 5 scrolls of fog
 D - 3 scrolls of enchant weapon
 O - 6 scrolls of teleportation
 S - a scroll of blinking
Potions
 d - 3 potions of might
 g - 8 potions of heal wounds
 t - 9 potions of curing
 z - 6 potions of haste
 F - 7 potions of cancellation
 H - 4 potions of invisibility
 Q - a potion of resistance
 Y - 3 potions of flight
Miscellaneous
 m - a lamp of fire
 q - a fan of gales
 J - a phantom mirror
 T - a lightning rod (4/4)
Comestibles
 f - 4 bread rations
 i - 22 meat rations
 p - 20 royal jellies
 s - 32 fruits


   Skills:
 + Level 16.1 Fighting
 * Level 19.0 Maces & Flails
 + Level 15.8 Armour
 + Level 16.1 Shields
 + Level 7.8 Evocations


You had 15 spell levels left.
You didn't know any spells.

Dungeon Overview and Level Annotations

Branches:
Dungeon (15/15)            Temple (0/1) D:4            Lair (6/6) D:10
  Swamp (2/4) Lair:3       Spider (0/4) Lair:3        Slime (0/5) Lair:6
    Orc (2/2) D:11            Elf (0/3) Orc:2        Vaults (0/5) D:14
 Depths (0/5) D:15

Altars:
Cheibriados
Fedhas
Nemelex Xobeh
Okawaru
Qazlal
Ru
Sif Muna
Trog
Xom
The Shining One
Beogh
Jiyva

Shops:
D:9 [   D:11 !*   Orc:1 ?   Orc:2 [:=*


Innate Abilities, Weirdness & Mutations

You reflexively headbutt those who attack you in melee.
You have a pair of horns on your head.
You have sharp fingernails.
You are mostly covered in rugged brown scales. (AC +2, +5% HP)
You are clumsy. (Dex -2)
Your system is resistant to poisons. (rPois)
You are resistant to electric shocks. (rElec)


Message History

Okay, then.
You fade into invisibility!
The hornet stings you but does no damage.
You block the eight-headed hydra's attack.
The eight-headed hydra bites you!
* * * LOW HITPOINT WARNING * * *
The eight-headed hydra barely misses you.
The eight-headed hydra bites you.
* * * LOW HITPOINT WARNING * * *
The eight-headed hydra bites you but does no damage.
The eight-headed hydra barely misses you.
The eight-headed hydra bites you!
* * * LOW HITPOINT WARNING * * *
The eight-headed hydra bites you.
* * * LOW HITPOINT WARNING * * *
The hornet stings you.
* * * LOW HITPOINT WARNING * * *
You feel yourself slow down.
The spriggan rider hits you from afar with a spear!
You die...

.♣♣♣♣...♣ ♣♣.≈.♣.≈≈..≈
..♣.♣..♣♣ ♣♣.≈.≈≈≈.≈≈≈.≈
≈≈.≈...♣ ♣♣≈≈≈....≈≈≈≈.≈
..≈≈≈≈.♣♣♣...≈.≈♣...<...
.≈≈....♣♣≈♣....§.≈≈≈≈..♣
.≈≈.♣≈...≈≈..§§.♣≈≈≈..♣
..≈.♣≈≈♣.≈≈≈≈..♣.....♣
.≈≈≈.♣≈≈≈≈≈.≈≈...≈≈≈.♣
≈≈≈≈.≈≈.≈≈≈.≈≈≈.@≈.♣≈≈♣
...≈.....♣≈♣≈..Dy≈≈≈≈.♣
♣♣.≈≈....≈≈≈..≈≈i.....≈♣
♣..≈≈≈.....≈..♣≈....♣≈≈.
..≈≈≈≈..≈.≈≈.≈≈..≈≈♣≈≈..
..≈...§.≈...≈≈≈≈.≈≈≈≈≈§≈
..≈♣♣.≈≈≈...≈≈≈§.≈≈♣..≈.
.♣♣ ♣......♣..≈≈.$...≈♣≈
♣ ♣.≈♣≈≈.♣♣..≈.♣.≈≈≈≈


You could see an eight-headed hydra, a spriggan rider and a hornet.

Vanquished Creatures
  Nikola (Swamp:1)
  Gastronok (D:8)
  2 orc warlords (Orc:2)
  The ghost of ANON1729 the Arsonist, a journeyman OpFE of Sif Muna (Volcano)
  The ghost of Corax22 the Severer, a journeyman MiBe of Trog (D:12)
  A yaktaur captain (D:15)
  5 hydras
  A catoblepas (Lair:2)
  Erica (D:10)
  An alligator (Swamp:2)
  4 centaur warriors
  11 two-headed ogres
  A dancing weapon (Volcano)
  2 ogre magi
  A tengu warrior (D:14)
  4 orc high priests (Orc:2)
  10 death yaks
  Sonja (Lair:4)
  A skeletal warrior (D:14)
  An unseen horror (D:14)
  5 wizards (Volcano)
  A swamp dragon (Swamp:1)
  2 shambling mangroves
  6 orc knights
  5 orc sorcerers
  20 ugly things
  3 oklob plants
  A cyclops (D:14)
  5 manticores
  5 toenail golems (Volcano)
  10 elephants
  4 black mambas
  4 centaur zombies
  23 spiny frogs
  5 yaktaurs
  3 kobold demonologists
  2 rime drakes (Lair:6)
  5 trolls
  A queen bee (D:10)
  4 hornets
  5 tyrant leeches
  A polar bear (Lair:5)
  3 bog bodies (Swamp:1)
  10 slime creatures (Swamp:1)
  35 blink frogs
  6 dream sheep
  7 hippogriffs
  A hippogriff (shapeshifter) (D:14)
  2 spriggans
  2 shadows
  A vampire (D:15)
  2 wraiths
  39 yaks
  2 hungry ghosts
  2 wyverns
  2 basilisks
  Eustachio (D:6)
  Menkaure (D:5)
  11 vampire mosquitoes
  9 wargs
  12 swamp worms
  An acid dragon (D:15)
  2 hell hounds (Lair:3)
  6 insubstantial wisps (Swamp:2)
  11 water moccasins
  12 porcupines
  3 swamp drakes (Swamp:1)
  18 ice beasts
  39 orc warriors
  3 necrophages
  5 sky beasts
  4 black bears (D:10)
  21 ogres
  43 wolves
  3 phantoms
  5 centaurs
  16 crocodiles
  9 big kobolds
  21 bullfrogs
  3 gnoll sergeants
  A wyvern skeleton (D:14)
  A wyvern zombie (D:14)
  10 scorpions
  27 killer bees
  17 wights
  4 electric eels
  3 howler monkeys
  11 crimson imps
  A bullfrog zombie (D:7)
  36 orc priests
  7 jellies
  4 bullfrog skeletons
  8 centaur skeletons
  9 hounds
  7 iguanas
  24 orc wizards
  15 worker ants
  A hound zombie (D:9)
  A hound skeleton (D:8)
  2 worker ant zombies
  10 gnolls
  19 adders
  3 shadow imps
  4 worms
  A dart slug (D:1)
  7 leopard geckos
  101 orcs
  6 giant cockroaches
  3 goblins
  11 hobgoblins
  7 jackals
  6 quokkas
  10 bats
  7 frilled lizards
  19 kobolds
  A quokka zombie (D:6)
  12 rats
  5 plants
965 creatures vanquished.

Vanquished Creatures (collateral kills)
  5 oklob plants
  2 ice statues (IceCv)
  2 plants (Lair:1)
9 creatures vanquished.

Vanquished Creatures (others)
  10 fungi
  36 plants
46 creatures vanquished.

Grand Total: 1020 creatures vanquished

Notes
Turn   | Place    | Note
-------+----------+-------------------------------------------
     0 | D:1      | OneorTwo the Minotaur Fighter began the quest for the Orb.
     0 | D:1      | Reached XP level 1. HP: 19/19 MP: 0/0
   104 | D:1      | Reached XP level 2. HP: 27/27 MP: 1/1
   306 | D:1      | Reached skill level 3 in Maces & Flails
   484 | D:1      | Reached XP level 3. HP: 34/34 MP: 2/2
  1126 | D:2      | Reached skill level 4 in Maces & Flails
  1126 | D:2      | Reached XP level 4. HP: 36/41 MP: 3/3
  1200 | D:2      | Reached skill level 5 in Fighting
  1226 | D:2      | Found a stormy altar of Qazlal.
  1230 | D:2      | Found a deep blue altar of Sif Muna.
  1287 | D:2      | Found a sacrificial altar of Ru.
  1310 | D:2      | Found a bloodstained altar of Trog.
  1678 | D:3      | Found a faded altar of an unknown god.
  1760 | D:3      | Reached skill level 5 in Maces & Flails
  1760 | D:3      | Reached XP level 5. HP: 43/48 MP: 4/4
  2003 | D:2      | Became a worshipper of Trog the Wrathful
  2266 | D:4      | Noticed an ogre
  2269 | D:4      | Killed an ogre
  2269 | D:4      | Reached XP level 6. HP: 45/57 MP: 5/5
  2507 | D:4      | Reached skill level 6 in Maces & Flails
  2935 | D:4      | Found a staircase to the Ecumenical Temple.
  3222 | D:5      | Entered Level 5 of the Dungeon
  3237 | D:5      | Reached XP level 7. HP: 63/63 MP: 6/6
  3382 | D:5      | Gained mutation: You expend magic power (3 MP) to strengthen your wands. [potion of mutation]
  3382 | D:5      | Gained mutation: You are frail. (-10% HP) [potion of mutation]
  3382 | D:5      | Gained mutation: You have a somewhat thin skeletal structure. (Dex +2, Stealth) [potion of mutation]
  3420 | D:5      | Reached * piety under Trog
  3713 | D:5      | Reached skill level 5 in Shields
  3934 | D:5      | Reached skill level 7 in Maces & Flails
  4216 | D:5      | Noticed Menkaure
  4227 | D:5      | Killed Menkaure
  4227 | D:5      | Reached skill level 5 in Armour
  4387 | D:5      | Found a sparkling altar of Nemelex Xobeh.
  4387 | D:5      | Found a snail-covered altar of Cheibriados.
  4569 | D:6      | Reached XP level 8. HP: 55/63 MP: 7/7
  4665 | D:6      | Found an iron altar of Okawaru.
  4693 | D:6      | Reached skill level 8 in Maces & Flails
  4755 | D:6      | Lost mutation: You expend magic power (3 MP) to strengthen your wands. [potion of mutation]
  4755 | D:6      | Lost mutation: You have a somewhat thin skeletal structure. (Dex +2, Stealth) [potion of mutation]
  4755 | D:6      | Gained mutation: You possess an exceptional clarity of mind. [potion of mutation]
  4755 | D:6      | Gained mutation: Your muscles are strong. (Str +2) [potion of mutation]
  4755 | D:6      | Gained mutation: You are occasionally teleported next to monsters. [potion of mutation]
  4755 | D:6      | Gained mutation: You have supernaturally acute eyesight. (SInv) [potion of mutation]
  4773 | D:6      | Noticed Eustachio
  4796 | D:6      | Killed Eustachio
  5060 | D:6      | Gained mutation: You are resistant to electric shocks. (rElec) [mutagenic meat]
  5061 | D:6      | Gained mutation: Potions are less effective at restoring your health. [mutagenic meat]
  5062 | D:6      | Lost mutation: Your muscles are strong. (Str +2) [mutagenic meat]
  5099 | D:6      | Reached skill level 9 in Maces & Flails
  5214 | D:7      | Reached XP level 9. HP: 54/72 MP: 8/8
  5438 | D:7      | Reached ** piety under Trog
  5438 | D:7      | Reached skill level 10 in Maces & Flails
  5923 | D:8      | Noticed Gastronok
  5954 | D:8      | Reached skill level 11 in Maces & Flails
  5960 | D:8      | Killed Gastronok
  5960 | D:8      | Reached XP level 10. HP: 81/81 MP: 9/9
  6282 | D:8      | Gained mutation: You are partially covered in rugged brown scales. (AC +1, +3% HP) [mutagenic meat]
  6284 | D:8      | Lost mutation: You are resistant to electric shocks. (rElec) [mutagenic meat]
  6285 | D:8      | Gained mutation: You have large cloven feet. [mutagenic meat]
  6286 | D:8      | Gained mutation: You are very frail. (-20% HP) [mutagenic meat]
  6461 | D:9      | Reached *** piety under Trog
  6469 | D:9      | Reached skill level 12 in Maces & Flails
  6532 | D:9      | Found Ucvi's Armour Emporium.
  6536 | D:9      | Bought the +2 ratskin cloak {+Rats rPois rN+ Str-1 Int-1 Dex+1} for 389 gold pieces
  6578 | D:9      | Noticed a two-headed ogre
  6583 | D:9      | Killed a two-headed ogre
  6590 | D:9      | Noticed a two-headed ogre
  6596 | D:9      | Noticed a two-headed ogre
  6617 | D:9      | Killed a two-headed ogre
  6617 | D:9      | Reached skill level 10 in Fighting
  6625 | D:9      | Killed a two-headed ogre
  6637 | D:9      | Reached XP level 11. HP: 62/83 MP: 10/10
  6771 | D:9      | Found a transporter.
  6773 | D:9      | Found a blossoming altar of Fedhas.
  6779 | D:9      | Found a transporter.
  6784 | D:9      | Noticed a centaur warrior
  6784 | D:9      | Noticed a two-headed ogre
  6791 | D:9      | Killed a two-headed ogre
  6791 | D:9      | Reached skill level 13 in Maces & Flails
  6809 | D:9      | Killed a centaur warrior
  6969 | D:9      | Found a shimmering altar of Xom.
  7360 | D:10     | Entered Level 10 of the Dungeon
  7396 | D:10     | Reached skill level 10 in Armour
  7440 | D:10     | Reached **** piety under Trog
  7606 | D:10     | Reached skill level 10 in Shields
  7612 | D:10     | Lost mutation: You have large cloven feet. [mutagenic meat]
  7613 | D:10     | Gained mutation: You have sharp toenails. [mutagenic meat]
  7614 | D:10     | Lost mutation: You are very frail. (-20% HP) [mutagenic meat]
  7630 | D:10     | Noticed a centaur warrior
  7643 | D:10     | Killed a centaur warrior
  7791 | D:10     | Lost mutation: You have supernaturally acute eyesight. (SInv) [mutagenic meat]
  7792 | D:10     | Gained mutation: Your spells are a little easier to cast, but a little less powerful. [mutagenic meat]
  7793 | D:10     | Gained mutation: You are resistant to hostile enchantments. (MR+) [mutagenic meat]
  7977 | D:10     | Noticed a two-headed ogre
  7983 | D:10     | Killed a two-headed ogre
  7983 | D:10     | Reached skill level 14 in Maces & Flails
  8040 | D:10     | Noticed Erica
  8043 | D:10     | Killed Erica
  8276 | D:10     | Noticed an ogre mage
  8287 | D:10     | Killed an ogre mage
  8347 | D:10     | Reached XP level 12. HP: 91/101 MP: 11/11
  8368 | D:10     | Found a staircase to the Lair.
  8570 | D:10     | Reached ***** piety under Trog
  8945 | D:11     | Received a gift from Trog
  8954 | D:11     | Reached skill level 15 in Maces & Flails
  9002 | D:11     | Found a staircase to the Orcish Mines.
  9126 | D:11     | Noticed a five-headed hydra
  9133 | D:11     | Killed a five-headed hydra
  9141 | D:11     | Found Guyjinn's Distillery.
  9153 | D:11     | Bought a potion of mutation for 112 gold pieces
  9157 | D:11     | Lost mutation: You are frail. (-10% HP) [potion of mutation]
  9157 | D:11     | Lost mutation: You have sharp toenails. [potion of mutation]
  9157 | D:11     | Lost mutation: Your spells are a little easier to cast, but a little less powerful. [potion of mutation]
  9157 | D:11     | Gained mutation: Your flesh is heat resistant. (rF+) [potion of mutation]
  9157 | D:11     | Gained mutation: Your mind is acute. (Int +2) [potion of mutation]
  9157 | D:11     | Gained mutation: You have sharp fingernails. [potion of mutation]
  9262 | D:11     | Found Ceosatzo's Changing Room.
  9295 | D:11     | Bought a potion of mutation for 104 gold pieces
  9295 | D:11     | Lost mutation: Potions are less effective at restoring your health. [potion of mutation]
  9295 | D:11     | Lost mutation: You are resistant to hostile enchantments. (MR+) [potion of mutation]
  9295 | D:11     | Lost mutation: You possess an exceptional clarity of mind. [potion of mutation]
  9295 | D:11     | Lost mutation: Your mind is acute. (Int +2) [potion of mutation]
  9295 | D:11     | Gained mutation: You are mostly covered in rugged brown scales. (AC +2, +5% HP) [potion of mutation]
  9295 | D:11     | Gained mutation: You evolve. [potion of mutation]
  9653 | D:12     | Noticed a two-headed ogre
  9662 | D:12     | Killed a two-headed ogre
  9772 | D:12     | Noticed a centaur warrior
  9783 | D:12     | Killed a centaur warrior
 10038 | D:12     | Received a gift from Trog
 10090 | D:12     | Reached skill level 16 in Maces & Flails
 10285 | D:12     | Noticed Corax22's ghost (journeyman MiBe)
 10298 | D:12     | Killed Corax22's ghost
 10442 | D:12     | Found a glowing golden altar of the Shining One.
 10972 | D:13     | Reached XP level 13. HP: 117/123 MP: 12/12
 11431 | D:14     | Gained mutation: You are dopey. (Int -2) [evolution]
 11463 | D:14     | Found a gate to the Vaults.
 12036 | D:14     | Reached skill level 17 in Maces & Flails
 12088 | D:14     | Lost mutation: You have sharp fingernails. [mutagenic meat]
 12165 | D:15     | Entered Level 15 of the Dungeon
 12191 | D:15     | Found a frozen archway.
 12217 | D:15     | Received a gift from Trog
 12233 | IceCv    | Entered an ice cave
 12261 | IceCv    | Lost mutation: You are dopey. (Int -2) [mutagenic meat]
 12262 | IceCv    | Gained mutation: Your system is resistant to poisons. (rPois) [mutagenic meat]
 12263 | IceCv    | Gained mutation: You are covered in fur. (AC +1) [mutagenic meat]
 12265 | IceCv    | Found a transporter.
 12942 | D:15     | Reached XP level 14. HP: 60/135 MP: 13/13
 13270 | D:15     | Found a staircase to the Depths.
 13697 | D:15     | Gained mutation: You are clumsy. (Dex -2) [mutagenic meat]
 13698 | D:15     | Gained mutation: You are resistant to electric shocks. (rElec) [mutagenic meat]
 13699 | D:15     | Lost mutation: Your system is resistant to poisons. (rPois) [mutagenic meat]
 13700 | D:15     | Gained mutation: Your magical capacity is low. (-10% MP) [mutagenic meat]
 13702 | D:15     | Gained mutation: You are frail. (-10% HP) [mutagenic meat]
 13703 | D:15     | Lost mutation: Your flesh is heat resistant. (rF+) [mutagenic meat]
 13705 | D:15     | Lost mutation: You are frail. (-10% HP) [mutagenic meat]
 13706 | D:15     | Gained mutation: Your system is resistant to poisons. (rPois) [mutagenic meat]
 13865 | D:15     | Reached skill level 18 in Maces & Flails
 14115 | Lair:1   | Entered Level 1 of the Lair of Beasts
 14194 | Lair:1   | Gained mutation: You are robust. (+10% HP) [evolution]
 15109 | Lair:1   | Reached skill level 1 in Evocations
 15316 | Lair:2   | Received a gift from Trog
 16293 | Lair:3   | Found a dark tunnel.
 16302 | Volcano  | Entered a volcano
 16324 | Volcano  | Received a gift from Trog
 16394 | Volcano  | Noticed ANON1729's ghost (journeyman OpFE)
 16461 | Volcano  | Killed ANON1729's ghost
 16532 | Volcano  | Identified the Collected Works on Hexes and Transformation
 16730 | Lair:3   | Found a hole to the Spider Nest.
 16877 | Lair:3   | Identified a scroll of acquirement
 17464 | Lair:3   | Found a staircase to the Swamp.
 17618 | Lair:4   | Noticed Sonja
 17631 | Lair:4   | Killed Sonja
 17886 | Lair:4   | Reached ****** piety under Trog
 17886 | Lair:4   | Reached XP level 15. HP: 109/159 MP: 15/15
 18083 | Lair:4   | Lost mutation: You are covered in fur. (AC +1) [potion of mutation]
 18083 | Lair:4   | Lost mutation: You are occasionally teleported next to monsters. [potion of mutation]
 18083 | Lair:4   | Lost mutation: Your magical capacity is low. (-10% MP) [potion of mutation]
 18083 | Lair:4   | Lost mutation: You are robust. (+10% HP) [potion of mutation]
 18083 | Lair:4   | Lost mutation: You evolve. [potion of mutation]
 18083 | Lair:4   | Gained mutation: You have sharp fingernails. [potion of mutation]
 19105 | Lair:6   | Entered Level 6 of the Lair of Beasts
 19176 | Lair:6   | Found a viscous altar of Jiyva.
 19176 | Lair:6   | Found a staircase to the Slime Pits.
 19195 | Lair:6   | Reached skill level 5 in Evocations
 19206 | Lair:6   | Reached skill level 15 in Fighting
 19208 | Lair:6   | Received a gift from Trog
 19215 | Lair:6   | Reached skill level 15 in Shields
 19807 | Lair:5   | Reached skill level 15 in Armour
 20214 | Lair:6   | Received a gift from Trog
 21334 | Orc:1    | Entered Level 1 of the Orcish Mines
 21468 | Orc:1    | Received a gift from Trog
 21538 | Orc:2    | Entered Level 2 of the Orcish Mines
 21696 | Orc:2    | Noticed an orc warlord
 21697 | Orc:2    | Killed an orc warlord
 21882 | Orc:2    | Found a roughly hewn altar of Beogh.
 21985 | Orc:2    | Found Bulyecw's Assorted Antiques.
 21989 | Orc:2    | Bought a slimy copper ring for 155 gold pieces
 21990 | Orc:2    | Identified the ring of Suspicion {MR+ Slay+3 Stlth-} (You bought it in a shop on level 2 of the Orcish Mines)
 21998 | Orc:2    | Found Rasufeap's Jewellery Shoppe.
 22092 | Orc:2    | Bought a +5 amulet of reflection for 412 gold pieces
 22293 | Orc:2    | Found a staircase to the Elven Halls.
 22340 | Orc:2    | Reached XP level 16. HP: 157/157 MP: 20/20
 22503 | Orc:2    | Received a gift from Trog
 22809 | Orc:2    | Found Inla's Armour Emporium.
 22843 | Orc:2    | Found a roughly hewn altar of Beogh.
 22955 | Orc:2    | Found Aleo's Book Boutique.
 23732 | Orc:1    | Found Asmulun's Magic Scroll Shoppe.
 23737 | Orc:1    | Bought a scroll of blinking for 90 gold pieces
 24057 | Swamp:1  | Entered Level 1 of the Swamp
 24424 | Swamp:1  | Noticed Nikola
 24861 | Swamp:1  | Killed Nikola
 25014 | Swamp:1  | Received a gift from Trog
 25271 | Swamp:1  | Reached skill level 19 in Maces & Flails
 25489 | Swamp:2  | Slain by a spriggan rider

Skill      XL: |  1  2  3  4  5  6  7  8  9 10 11 12 13 14 15 16 |
---------------+-------------------------------------------------+-----
Fighting       | 4 5 6 7 9 10 11 12 13 14 15 16 | 16.1
Maces & Flails | 3 4 5 6 7 9 11 12 14 16 17 18 19 | 19.0
Armour         | 4 5 6 8 9 10 11 13 14 15 | 15.8
Shields        | 4 5 6 8 9 10 12 13 14 15 16 | 16.1
Evocations     | 4 7 |  7.8

Action                   |  1- 3 |  4- 6 |  7- 9 | 10-12 | 13-15 | 16-18 || total
-------------------------+-------+-------+-------+-------+-------+-------++-------
Melee: Flail             |   103 |   164 |   315 |   277 |       |       ||   859
       Headbutt          |    12 |    39 |    68 |   153 |   324 |    31 ||   627
       Whip              |       |       |       |   532 |   246 |       ||   778
       Mace              |       |       |       |     6 |       |       ||     6
       Morningstar       |       |       |       |       |   987 |       ||   987
       Maul              |       |       |       |       |   148 |   191 ||   339
Throw: Tomahawk          |       |     1 |       |     3 |    11 |     2 ||    17
Invok: Burn Spellbooks   |       |       |     1 |       |       |       ||     1
       Berserk           |       |       |     4 |     5 |     2 |       ||    11
       Trog's Hand       |       |       |     1 |     3 |     2 |       ||     6
       Brothers in Arms  |       |       |       |       |     3 |       ||     3
Evoke: Lightning rod     |       |       |       |     1 |       |     3 ||     4
       Wand              |       |       |       |       |     2 |     7 ||     9
       Lamp of fire      |       |       |       |       |     1 |       ||     1
  Use: Scroll            |       |       |     8 |     8 |    26 |     3 ||    45
       Potion            |       |       |     2 |     2 |     2 |     1 ||     7
 Stab: Distracted        |       |       |       |     1 |       |       ||     1
       Petrified         |       |       |       |       |     3 |       ||     3
  Eat: Chunk             |     1 |     6 |    17 |    39 |    44 |     7 ||   114
       Bread ration      |       |       |       |       |     2 |     1 ||     3
       Meat ration       |       |       |       |       |     1 |       ||     1
Armor: Scale mail        |    61 |    39 |       |       |       |       ||   100
       Plate armour      |       |    40 |   140 |   317 |   917 |   360 ||  1774
Dodge: Dodged            |    33 |    25 |    43 |   130 |   286 |   148 ||   665
Block: Shield            |    50 |    55 |   135 |   373 |     9 |       ||   622
       Large shield      |       |       |       |       |  1175 |       ||  1175
       Other             |       |       |       |       |     6 |   112 ||   118
       Reflection        |       |       |       |       |       |     1 ||     1
